[Event "Polish Youth 1st League 2022"]
[Site "Lublin"]
[Date "2022.06.27"]
[Round "3.11"]
[White "Barwinska, Ewa"]
[Black "Uliasz, Katarzyna"]
[Result "1-0"]
[ECO "C97"]
[WhiteElo "1825"]
[BlackElo "1526"]
[Annotator "NA RC"]
[PlyCount "239"]
[EventDate "2022.06.24"]
[EventType "team-tourn"]
[EventCountry "POL"]
[SourceTitle "playchess.com"]
[Source "ChessBase"]
[SourceQuality "1"]
[TimeControl "40/5400+30:1800+30"]

1. e4 e5 2. Nf3 Nc6 3. Bb5 a6 4. Ba4 Nf6 5. O-O Be7 6. Re1 b5 7. Bb3 O-O 8. h3 d6 9. c3 Na5 10. Bc2 c5 11. d4 Qc7 12. d5 Re8 13. b3 Bf8 14. Bg5 Qe7 15. Nbd2 h6 16. Be3 Bd7 17. Nf1 g6 18. Qd2 Kh7 19. Ng3 Bg7 20. Nh2 Rab8 21. f4 Ng8 22. f5 Qh4 23. Qf2 Rec8 24. Rf1 Be8 25. Ng4 Qd8 26. Qd2 g5 27. f6 Nxf6 28. Bd1 Ng8 29. Nf5 f6 30. h4 Bg6 31. hxg5 fxg5 32. Rf3 Nf6 33. Nxf6+ Bxf6 34. Qf2 Bg7 35. Rh3 Qf6 36. Rf3 Bxf5 37. Rxf5 Qg6 38. Bg4 Kh8 39. Rf1 Rf8 40. Qg3 Rxf5 41. Bxf5 Qh5 42. Bg4 Qg6 43. Qh3 Bf6 $18 (43... Rf8 44. Rxf8+ Bxf8) 44. Bf5 Qg7 45. Kf2 $2 (45. Bc8) 45... g4 $2 (45... Nb7 46. Rh1 Rf8 47. Qxh6+ Qxh6 48. Rxh6+ Kg8) 46. Qxh6+ Qxh6 47. Bxh6 c4 48. b4 Nb7 49. Rh1 Bg7 50. Bg5+ Kg8 51. Bxg4 a5 52. Be6+ Kf8 53. a3 axb4 54. axb4 Nd8 55. Bf5 Nf7 56. Be3 Ra8 57. Bd7 Ra2+ 58. Kf3 Ra3 59. Rc1 Bf6 60. Kg4 Ra2 61. Bxb5 Re2 62. Ba7 Rxe4+ $2 (62... Rxg2+ $14 63. Kf3 Rh2) 63. Kg3 Bh4+ 64. Kh2 Bg5 {[%emt 0:01:44] [#]} (64... Ke7 $142) 65. Rc2 $1 Nh6 66. Bd7 Ke7 67. Be6 Re1 68. Bf2 Rb1 69. Re2 Rb3 70. Be3 Bxe3 (70... Kf6 $11) 71. Rxe3 Nf7 72. Bc8 Nh6 73. Kh3 Rb1 74. Re4 Rd1 75. Rxc4 Rxd5 76. Bb7 Rd3+ 77. Kh2 Ng4+ 78. Rxg4 Rxc3 79. Bd5 Rc2 80. Rg3 Rd2 81. Bc6 Rb2 82. b5 d5 83. Rg7+ Kf6 84. Rd7 d4 85. Kg3 Kf5 86. Kf3 Rb3+ 87. Ke2 Kf4 88. Rf7+ Kg5 89. Kd2 Kg6 90. Rf8 Kg5 91. Kc2 Rc3+ 92. Kb2 Rc5 93. Rf3 e4 94. Bxe4 Rxb5+ 95. Kc2 Kg4 96. Kd3 Rb4 97. Rf8 Kg3 98. Rd8 Rb1 99. Rxd4 Ra1 100. Ke2 Ra2+ 101. Rd2 Ra7 102. Rd3+ Kf4 103. Bf3 Ra2+ 104. Rd2 Ra7 105. Kf2 Ra3 106. g3+ Kg5 107. Rd5+ Kg6 108. g4 Ra4 109. Kg3 Ra3 110. Kf4 Ra4+ 111. Be4+ Kg7 112. Rd6 Ra1 113. Kg5 Rg1 114. Bf5 Rh1 115. Rd7+ Kf8 116. Kg6 Ra1 117. Kf6 Ra8 118. g5 Kg8 119. g6 Kh8 120. Rh7+ 1-0

[Event "Polish Youth 1st League 2022"]
[Site "Lublin"]
[Date "2022.06.27"]
[Round "3.12"]
[White "Tokarz, Gabriela"]
[Black "Matuszewska, Kinga"]
[Result "1-0"]
[ECO "A84"]
[WhiteElo "1469"]
[BlackElo "1085"]
[Annotator "NA RC"]
[PlyCount "95"]
[EventDate "2022.06.24"]
[EventType "team-tourn"]
[EventCountry "POL"]
[SourceTitle "playchess.com"]
[Source "ChessBase"]
[SourceQuality "1"]
[TimeControl "40/5400+30:1800+30"]

1. d4 f5 2. c4 e6 3. Nc3 Nf6 4. Nf3 d5 5. Bg5 Be7 6. e3 c6 7. Bxf6 Bxf6 8. Bd3 O-O 9. O-O Be7 10. Ne5 Nd7 11. f4 a6 12. Rc1 g5 13. g3 g4 14. Qb3 Nxe5 15. fxe5 b5 16. cxd5 exd5 17. Ne2 Qe8 18. Nf4 h5 19. Qc2 Bg5 20. Qxc6 Qxc6 21. Rxc6 Bxf4 22. Rxf4 Ra7 23. Kg2 Kg7 24. Kf2 Kg8 25. Ke2 Bd7 26. Rd6 Kg7 27. Kd2 Bc8 28. Rxd5 Be6 29. Rd6 Bxa2 30. Bxf5 Bc4 31. Rg6+ Kh8 32. Rh6+ Kg8 33. Rxh5 Rg7 34. Bh7+ Rxh7 35. Rxf8+ Kxf8 36. Rxh7 b4 37. Ra7 Ke8 38. e4 Kd8 39. d5 Bb5 40. d6 Bc4 41. Ke3 b3 42. Kd4 Bb5 43. e6 Kc8 44. Kc5 Kb8 45. Kb6 Bc6 46. d7 Bxd7 47. exd7 a5 48. d8=R# 1-0

[Event "Polish Youth 1st League 2022"]
[Site "Lublin"]
[Date "2022.06.27"]
[Round "3.13"]
[White "Szlosarczyk, Hubert"]
[Black "Luczak, Filip"]
[Result "0-1"]
[ECO "A42"]
[WhiteElo "1650"]
[BlackElo "2311"]
[Annotator "TA"]
[PlyCount "94"]
[EventDate "2022.06.24"]
[EventType "team-tourn"]
[EventCountry "POL"]
[SourceTitle "playchess.com"]
[Source "ChessBase"]
[SourceQuality "1"]
[TimeControl "40/5400+30:1800+30"]

1. d4 g6 2. c4 Bg7 3. Nc3 d6 4. e4 e5 5. d5 f5 6. Qc2 {[%emt 0:03:08] A42: Modern Defence: Averbakh Variation.} (6. exf5 $14 Bxf5 7. Bd3) 6... Nf6 7. Bd3 {[%emt 0:02:16][%cal Re4f5] [#]} Qd7 $146 ({Predecessor:} 7... fxe4 8. Nxe4 Nxe4 9. Bxe4 Nd7 10. Ne2 Nc5 11. Nc3 O-O 12. O-O Nxe4 13. Nxe4 Bf5 {1-0 (40) Heinemann,J (2290)-Warchol,K (2043) Chess.com INT 2022}) 8. f3 {[%emt 0:06:15] White has an edge.} Na6 9. Qe2 O-O 10. Be3 Nc5 (10... c6 $11) 11. Bxc5 $14 dxc5 12. O-O-O Ne8 (12... fxe4 $11 {keeps the balance.} 13. Bxe4 Qd6) 13. Nh3 Nd6 14. Nf2 a6 15. Qc2 (15. h4 $14) 15... b5 16. Nb1 Bh6+ 17. Nd2 Be3 18. Nh3 $2 (18. Rdf1 $17 {was called for.}) 18... bxc4 $19 19. Bxc4 fxe4 20. fxe4 Qg4 21. Rhe1 Bh6 (21... Qxg2 22. Rxe3 Bxh3 23. Bf1 Rxf1 24. Rxf1 $16) 22. Bf1 Rb8 {[%emt 0:08:01][%cal Oc5c4] Strongly threatening ...c4!} 23. Kb1 Bxd2 24. Qxd2 Nxe4 25. Qc2 {[%emt 0:00:51] [#]} Bf5 (25... Rb4 26. a3 Rd4 27. Rxd4 exd4 28. Ka2 $17) (25... Rxf1 $1 $19 26. Rxf1 Bf5) 26. Bd3 (26. Ka1 $17) 26... Nd6 27. Bxf5 Rxf5 ({Not} 27... Nxf5 28. Re4 Qh5 29. Qe2 $15 (29. Rxe5 Rbe8 $11)) 28. Rc1 c4 29. Qe2 Qd4 30. Red1 Qb6 31. Rd2 e4 32. Ka1 Qa5 33. Nf2 Rxd5 34. Rxd5 Qxd5 $40 {[%emt 0:00:01][%mdl 128] Black attacks with force.} 35. Ng4 {[%emt 0:00:32] [#] Nf6+ is the strong threat.} Qd4 {[%emt 0:02:16] Prevents Nf6+.} 36. Ne3 Kg7 37. a3 $2 (37. Rd1 Qe5 38. Qd2) 37... Rb3 38. Nxc4 Rd3 ({Worse is} 38... Nxc4 39. Rxc4 Rxa3+ 40. Kb1 Qd3+ 41. Qxd3 Rxd3 42. Kc2 $15) 39. Nxd6 cxd6 {[%emt 0:00:47][%mdl 4096] Endgame KQR-KQR} 40. Rc2 {[%emt 0:00:00] Prevents Rd2.} (40. Qf1 Rxa3+ 41. Kb1 Qd3+ 42. Qxd3 Rxd3 43. Rc7+ Kf6 44. Kc2) 40... Rxa3+ 41. Kb1 Rd3 {[%emt 0:04:52] White must now prevent ...Rd1+.} 42. Rc7+ Kh6 {[%emt 0:01:41] ( -> ...Rd2)} 43. Qc2 (43. Kc1) 43... Rd1+ 44. Ka2 Qd5+ 45. Ka3 Ra1+ {[%emt 0:03:06] Black mates.} 46. Kb4 Qa5+ 47. Kb3 Qb6+ {[%emt 0:00:03] Weighted Error Value: White=0.70/Black=0.18 (very precise)} 0-1

[Event "Polish Youth 1st League 2022"]
[Site "Lublin"]
[Date "2022.06.27"]
[Round "3.14"]
[White "Bachor, Tomasz"]
[Black "Kozlowski, Franciszek"]
[Result "1-0"]
[ECO "A40"]
[WhiteElo "1971"]
[BlackElo "1607"]
[Annotator "RC"]
[PlyCount "111"]
[EventDate "2022.06.24"]
[EventType "team-tourn"]
[EventCountry "POL"]
[SourceTitle "playchess.com"]
[Source "ChessBase"]
[SourceQuality "1"]
[TimeControl "40/5400+30:1800+30"]

1. d4 Nf6 2. c4 e6 3. g3 d5 4. Nf3 c5 5. Bg2 Nc6 6. O-O cxd4 7. Nxd4 Bc5 8. Nb3 Bb6 9. Na3 a6 10. Bg5 dxc4 11. Nxc4 Qxd1 12. Rfxd1 Bc7 13. Bxf6 gxf6 14. Bxc6+ bxc6 15. Rac1 Bd7 16. Nc5 Bc8 17. Na4 Bb7 18. Nc5 Bc8 19. Nb3 Bd7 20. Nca5 Bxa5 21. Nxa5 Rc8 22. Nb7 Rc7 23. Nc5 Bc8 24. Rc3 Ke7 25. Rb3 Rd8 26. Rxd8 Kxd8 27. Rb6 a5 28. Kf1 Ke7 29. Nb3 a4 30. Nc5 a3 31. b4 Kd6 32. Rb8 Kd5 33. Ra8 Kc4 34. Nd3 e5 35. Ra5 Bf5 36. Rc5+ Kd4 37. Nc1 Be6 38. e3+ Ke4 39. b5 Rd7 40. bxc6 Bh3+ 41. Ke1 Rc7 42. Ne2 Bg2 43. Nc3+ Kd3 44. Nd5 Bxd5 45. Rxd5+ Kc2 46. Rc5+ Kb2 47. Kd2 e4 48. g4 h6 49. h3 Kxa2 50. Kc2 f5 51. Rc3 fxg4 52. hxg4 f6 53. Kc1 f5 54. gxf5 h5 55. f6 h4 56. f7 1-0

[Event "Polish Youth 1st League 2022"]
[Site "Lublin"]
[Date "2022.06.27"]
[Round "3.15"]
[White "Duda, Szymon"]
[Black "Cieslak, Patryk"]
[Result "0-1"]
[ECO "A53"]
[WhiteElo "1707"]
[BlackElo "2019"]
[Annotator "RC"]
[PlyCount "107"]
[EventDate "2022.06.24"]
[EventType "team-tourn"]
[EventCountry "POL"]
[SourceTitle "playchess.com"]
[Source "ChessBase"]
[SourceQuality "1"]
[TimeControl "40/5400+30:1800+30"]

1. d4 Nf6 2. c4 d6 3. Nf3 g6 4. g3 Bg7 5. Bg2 O-O 6. O-O Nc6 7. d5 Na5 8. Na3 c5 9. Re1 Ne4 10. Qc2 Nf6 11. e4 Bg4 12. Bd2 a6 13. h3 Bd7 14. e5 Ne8 15. Rad1 b5 16. e6 fxe6 17. dxe6 Bc6 18. Ng5 b4 19. Nb1 Qc8 20. h4 Bxg2 21. Kxg2 Qb7+ 22. Kg1 Nc6 23. Qe4 Nf6 24. Qg2 Ng4 25. Nf7 Qc8 26. h5 Nce5 27. hxg6 hxg6 28. Qh3 Nxf7 29. exf7+ Rxf7 30. Re2 Bxb2 31. Rde1 Ne5 32. Qxc8+ Rxc8 33. Kg2 Nxc4 34. Rxe7 Nxd2 35. Nxd2 Bc3 36. Re8+ Rf8 37. Rxf8+ Rxf8 38. Rd1 Bxd2 39. Rxd2 Rd8 40. Kf3 Kf7 41. Kf4 Kf6 42. g4 g5+ 43. Kg3 d5 44. f4 c4 45. Rh2 d4 46. fxg5+ Kg7 47. Kf4 d3 48. Ke3 c3 49. Rh1 d2 50. Ke2 c2 51. Rd1 Kg8 52. Rxd2 Re8+ 53. Kd3 c1=Q 54. Kd4 0-1

[Event "Polish Youth 1st League 2022"]
[Site "Lublin"]
[Date "2022.06.27"]
[Round "3.16"]
[White "Brzezina, Piotr"]
[Black "Wajda, Krzysztof"]
[Result "1/2-1/2"]
[ECO "C78"]
[WhiteElo "1633"]
[BlackElo "1494"]
[Annotator "NA RC"]
[PlyCount "111"]
[EventDate "2022.06.24"]
[EventType "team-tourn"]
[EventCountry "POL"]
[SourceTitle "playchess.com"]
[Source "ChessBase"]
[SourceQuality "1"]
[TimeControl "40/5400+30:1800+30"]

1. e4 e5 2. Nf3 Nc6 3. Bb5 a6 4. Ba4 Nf6 5. O-O b5 6. Bb3 Bc5 7. c3 d6 8. d4 Bb6 9. a4 Bb7 10. Re1 h6 11. Qd3 O-O 12. axb5 axb5 13. Rxa8 Qxa8 14. d5 Na5 15. Bc2 Ng4 16. Be3 Nxe3 17. fxe3 Ba6 18. Nbd2 c5 19. Nh4 g6 20. Qe2 Qd8 21. Ndf3 Qd7 22. h3 Ra8 23. b3 Nb7 24. b4 Nd8 25. Ra1 c4 26. Kf2 Ra7 27. Ra2 Bc8 28. Bb1 Qb7 29. g4 Ra6 30. Rxa6 Qxa6 31. Qa2 Qxa2+ 32. Bxa2 Kg7 33. Bb1 h5 34. Nh2 f6 35. gxh5 g5 36. Nf5+ Bxf5 37. exf5 Nf7 38. Kf3 Nh6 39. Ng4 Nxg4 40. hxg4 Kf7 41. Ke2 Bd8 42. Kd2 Be7 43. Bc2 Ke8 44. Kc1 Kd7 45. h6 Bf8 46. h7 Bg7 47. Ba4 bxa4 48. Kb2 Kc7 49. Ka3 Kb6 50. Kxa4 Bh8 51. e4 Bg7 52. b5 Bh8 53. Kb4 Bg7 54. Ka4 Bh8 55. Kb4 Bg7 56. Ka4 1/2-1/2

[Event "Polish Youth 1st League 2022"]
[Site "Lublin"]
[Date "2022.06.27"]
[Round "3.17"]
[White "Czarnecka, Lidia"]
[Black "Hertlein, Irena"]
[Result "1-0"]
[ECO "B28"]
[WhiteElo "1940"]
[BlackElo "1873"]
[Annotator "NA RC"]
[PlyCount "135"]
[EventDate "2022.06.24"]
[EventType "team-tourn"]
[EventCountry "POL"]
[SourceTitle "playchess.com"]
[Source "ChessBase"]
[SourceQuality "1"]
[TimeControl "40/5400+30:1800+30"]

1. e4 c5 2. Nf3 a6 3. c4 b6 4. Nc3 Bb7 5. d4 cxd4 6. Nxd4 e6 7. Be3 Qc7 8. Be2 Nf6 9. f3 Be7 10. O-O O-O 11. Rc1 d6 12. Qe1 Nbd7 13. Qf2 Rac8 14. Rfd1 Qb8 (14... h6 $14) 15. Nc2 (15. g4 $16) 15... Bd8 16. Nb4 Bc7 17. g3 Rfe8 18. Bd4 Bd8 19. b3 Be7 20. Nd3 Ba8 21. Nb2 d5 22. cxd5 exd5 23. Bxa6 dxe4 24. Bxc8 Rxc8 25. Nxe4 Nxe4 26. fxe4 Nc5 27. Qf4 ({Not} 27. Rf1 Rf8 $16) 27... Qb7 28. Qg4 Bf8 29. Na4 Ne6 30. Be3 Rxc1 31. Rxc1 h5 32. Qf3 Bc5 33. Nxc5 bxc5 34. Rc4 Qd7 35. Kf2 ({Don't play} 35. Qxh5 $6 Qd3 36. Kf2 (36. Bxc5 Bxe4 37. Rxe4 Qxe4 $16) 36... Bxe4) ({Inferior is} 35. Bxc5 Nxc5 36. Rxc5 Qd4+ 37. Qf2 Qd1+ 38. Qf1 Qd4+ 39. Qf2 Qd1+ 40. Qf1 Qd4+ 41. Qf2 $11) 35... h4 36. Bxc5 hxg3+ 37. hxg3 Ng5 38. Qe3 Qg4 39. Bd6 Nxe4+ 40. Ke1 Qe6 41. Bf4 Qh3 42. Qg1 (42. Kd1 $142) 42... Qe6 43. Kd1 Bd5 44. Rc2 Qf6 45. Ke2 Nc3+ 46. Ke1 ({Don't take} 46. Kd2 $6 Ne4+ 47. Kd1 Be6 $16) 46... Ne4 47. Qe3 (47. Rc8+ $18 {has better winning chances.} Kh7 48. Qh2+ Kg6 49. g4) 47... Qa1+ 48. Ke2 Qh1 49. b4 Qg2+ 50. Kd3 Qf1+ 51. Qe2 Qb1 52. Kd4 Nf6 53. Kc5 Be4 $18 (53... Be6) 54. Rc1 Nd7+ 55. Kd4 Qxb4+ 56. Rc4 Bf3 57. Qe8+ Qf8 58. Rc8 Qxe8 59. Rxe8+ Kh7 60. a4 Kg6 61. a5 Kf6 62. Bc7 g5 63. a6 Kf5 64. a7 Kg4 65. a8=Q Bxa8 66. Rxa8 f5 67. Ke3 Nf6 68. Ra5 1-0

[Event "Polish Youth 1st League 2022"]
[Site "Lublin"]
[Date "2022.06.27"]
[Round "3.18"]
[White "Duda, Aleksandra"]
[Black "Slusarczyk, Anna"]
[Result "1-0"]
[ECO "B24"]
[WhiteElo "1453"]
[BlackElo "1544"]
[Annotator "NA RC"]
[PlyCount "83"]
[EventDate "2022.06.24"]
[EventType "team-tourn"]
[EventCountry "POL"]
[SourceTitle "playchess.com"]
[Source "ChessBase"]
[SourceQuality "1"]
[TimeControl "40/5400+30:1800+30"]

1. e4 c5 2. Nc3 Nc6 3. g3 g6 4. d3 Bg7 5. Be3 d6 6. Qd2 Nf6 7. Bh6 O-O 8. h4 Bxh6 9. Qxh6 Nd4 10. Qd2 Bg4 11. Bg2 Qb6 12. f3 Be6 13. O-O-O a5 14. Nge2 a4 15. a3 Bb3 16. Nxd4 cxd4 17. cxb3 dxc3 18. bxc3 axb3 19. Kb2 Rxa3 20. Ra1 Ra2+ 21. Rxa2 bxa2+ 22. Ka1 Ra8 23. Qb2 Qc7 24. Rc1 Nd7 25. d4 Nb6 26. Bf1 d5 27. e5 Nc4 28. Bxc4 dxc4 29. Qb5 Ra5 30. Qb4 b5 31. Rc2 Qa7 32. f4 Kf8 33. g4 Ra3 34. Rc1 Rb3 35. Qc5 Qa5 36. h5 h6 37. g5 gxh5 38. Qc8+ Kg7 39. gxh6+ Kh7 40. Qf5+ Kg8 41. Rg1+ Kh8 42. Qc8+ 1-0

[Event "Polish Youth 1st League 2022"]
[Site "Lublin"]
[Date "2022.06.27"]
[Round "3.19"]
[White "Panek, Bartosz"]
[Black "Klim, Filip"]
[Result "1-0"]
[ECO "D31"]
[WhiteElo "2022"]
[BlackElo "2015"]
[Annotator "RC"]
[PlyCount "59"]
[EventDate "2022.06.24"]
[EventType "team-tourn"]
[EventCountry "POL"]
[SourceTitle "playchess.com"]
[Source "ChessBase"]
[SourceQuality "1"]
[TimeControl "40/5400+30:1800+30"]

1. d4 d5 2. c4 e6 3. Nc3 a6 4. cxd5 exd5 5. g3 Nf6 6. Bg2 Be7 7. Nh3 O-O 8. Nf4 c6 9. O-O Bf5 10. f3 c5 11. e3 Nc6 12. Kh1 Re8 13. dxc5 d4 14. Na4 dxe3 15. Bxe3 Qxd1 16. Rfxd1 Bc2 17. Nb6 Bxd1 18. Nxa8 Bxf3 19. Bxf3 Rxa8 20. Rd1 Kf8 21. b3 Rc8 22. Nd5 Nxd5 23. Rxd5 Nb4 24. Rd7 Ke8 25. Rxb7 Nc2 26. Bg4 Rd8 27. Bg1 Nd4 28. Bxd4 Rxd4 29. c6 Bd6 30. Rd7 1-0

[Event "Polish Youth 1st League 2022"]
[Site "Lublin"]
[Date "2022.06.27"]
[Round "3.20"]
[White "Bartodziej, Bartosz"]
[Black "Kubik, Rafal"]
[Result "0-1"]
[ECO "B76"]
[WhiteElo "1902"]
[BlackElo "1827"]
[Annotator "RC"]
[PlyCount "76"]
[EventDate "2022.06.24"]
[EventType "team-tourn"]
[EventCountry "POL"]
[SourceTitle "playchess.com"]
[Source "ChessBase"]
[SourceQuality "1"]
[TimeControl "40/5400+30:1800+30"]

1. e4 c5 2. Nf3 d6 3. d4 cxd4 4. Nxd4 Nf6 5. Nc3 g6 6. Be3 Bg7 7. f3 O-O 8. Qd2 Nc6 9. O-O-O d5 10. Qe1 e5 11. Nxc6 bxc6 12. exd5 Nxd5 13. Bc4 Be6 14. Kb1 Re8 15. Ne4 f5 16. Ng5 Bc8 17. Bb3 f4 18. Bxf4 exf4 19. Rxd5 cxd5 20. Bxd5+ Qxd5 21. Qxe8+ Bf8 22. Nxh7 Kxh7 23. Qxf8 Bf5 24. Qe7+ Kg8 25. Qe2 Rc8 26. Rc1 a5 27. g4 Be6 28. b3 Rd8 29. h4 a4 30. h5 axb3 31. axb3 gxh5 32. gxh5 Bf5 33. Ka2 Ra8+ 34. Kb2 Qd4+ 35. c3 Qa7 36. Rg1+ Qxg1 37. Qc4+ Kh8 38. Qe2 Qe3 0-1

[Event "Polish Youth 1st League 2022"]
[Site "Lublin"]
[Date "2022.06.27"]
[Round "3.21"]
[White "Karwot, Marek"]
[Black "Nawalaniec, Adam"]
[Result "1-0"]
[ECO "B06"]
[WhiteElo "1454"]
[BlackElo "1740"]
[Annotator "NA RC"]
[PlyCount "93"]
[EventDate "2022.06.24"]
[EventType "team-tourn"]
[EventCountry "POL"]
[SourceTitle "playchess.com"]
[Source "ChessBase"]
[SourceQuality "1"]
[TimeControl "40/5400+30:1800+30"]

1. e4 g6 2. d4 Bg7 3. f4 d6 4. Nc3 a6 5. Nf3 b5 6. a3 Bb7 7. Bd3 Nd7 8. O-O c5 9. d5 c4 10. Be2 Bxc3 11. bxc3 Ngf6 12. Qd4 O-O 13. Ng5 Qb6 14. Bf3 Qxd4+ 15. cxd4 Ne8 16. a4 Nc7 17. Bd2 h6 18. Nh3 f5 19. Ba5 fxe4 20. Bxe4 Nxd5 21. Bxg6 N7f6 22. Bd2 b4 23. Bf5 c3 24. Bc1 Kh8 25. Be6 Bc6 26. f5 Kh7 27. Nf4 Nxf4 28. Rxf4 Kg7 29. Rh4 Rh8 30. Rh3 Ne4 31. d5 Be8 32. Be3 Bf7 33. Bd4+ Nf6 34. Rg3+ Kf8 35. a5 Rg8 36. Rh3 Nxd5 37. Bxf7 Kxf7 38. Rxh6 Nf4 39. Rh7+ Kf8 40. Re1 e5 41. fxe6 Nxg2 42. Rf1+ Ke8 43. Kh1 b3 44. Rff7 Rb8 45. Re7+ Kd8 46. Bf6 Rb5 47. Reg7+ 1-0

[Event "Polish Youth 1st League 2022"]
[Site "Lublin"]
[Date "2022.06.27"]
[Round "3.22"]
[White "Nocek, Dominik"]
[Black "Niesporek, Franciszek"]
[Result "1/2-1/2"]
[ECO "B70"]
[WhiteElo "1657"]
[BlackElo "1332"]
[Annotator "NA RC"]
[PlyCount "134"]
[EventDate "2022.06.24"]
[EventType "team-tourn"]
[EventCountry "POL"]
[SourceTitle "playchess.com"]
[Source "ChessBase"]
[SourceQuality "1"]
[TimeControl "40/5400+30:1800+30"]

1. e4 c5 2. Nf3 d6 3. d4 cxd4 4. Nxd4 Nf6 5. Nc3 g6 6. g3 Nc6 7. Bg2 Bd7 8. O-O Bg7 9. h3 O-O 10. Be3 a6 11. Nd5 Nxd5 12. exd5 Nxd4 13. Bxd4 Qc7 14. Bxg7 Kxg7 15. Qd4+ Kg8 16. c3 b5 17. Rfe1 Rfe8 18. Qh4 Qd8 19. Qh6 f5 20. h4 Rf8 21. Re3 Rf7 22. Rae1 Qf8 23. Qg5 Re8 24. h5 Qg7 25. f4 Qf6 26. Qxf6 Rxf6 27. hxg6 hxg6 28. Rxe7 Rxe7 29. Rxe7 Rf7 30. Rxf7 Kxf7 31. Kf2 Ke7 32. Ke3 Kd8 33. Kd4 Kc7 34. c4 bxc4 35. Kxc4 Kb6 36. b4 a5 37. Bf3 Bb5+ 38. Kb3 Bd7 39. Kc3 Bc8 40. Bd1 Bd7 41. Kb3 Bc8 42. Ka4 Bd7+ 43. Ka3 Bb5 44. Ba4 Bc4 45. bxa5+ Kxa5 46. Bc6 Kb6 47. Kb2 Kc5 48. a3 Kd4 49. a4 Be2 50. Be8 Kxd5 51. Bxg6 Ke4 52. Kc3 Ba6 53. g4 Kxf4 54. gxf5 Ke5 55. a5 d5 56. Kd2 d4 57. Kc2 Bc4 58. Kd2 Ba6 59. Bh7 Bc4 60. f6 Kxf6 61. Bd3 Bd5 62. a6 Ke7 63. Bf5 Kd8 64. Kd3 Kc7 65. Kxd4 Kb6 66. Bd3 Be6 67. Bb5 Bc8 1/2-1/2

[Event "Polish Youth 1st League 2022"]
[Site "Lublin"]
[Date "2022.06.27"]
[Round "3.23"]
[White "Bugaj, Hanna"]
[Black "Kudlak, Julia"]
[Result "1/2-1/2"]
[ECO "A48"]
[WhiteElo "1779"]
[BlackElo "1654"]
[Annotator "NA RC"]
[PlyCount "152"]
[EventDate "2022.06.24"]
[EventType "team-tourn"]
[EventCountry "POL"]
[SourceTitle "playchess.com"]
[Source "ChessBase"]
[SourceQuality "1"]
[TimeControl "40/5400+30:1800+30"]

1. Nf3 Nf6 2. d4 g6 3. c3 Bg7 4. Nbd2 d5 5. e3 O-O 6. Bd3 b6 7. e4 dxe4 8. Nxe4 Bb7 9. Nxf6+ exf6 10. O-O Nd7 11. Be3 c5 12. Be2 cxd4 13. Bxd4 Ne5 14. Nxe5 fxe5 15. Be3 Qc7 16. Qb3 Kh8 17. Rad1 Rad8 18. Qa4 Bd5 19. Ba6 f5 20. Bg5 Bf6 21. Qh4 Bxg5 22. Qxg5 Bxa2 23. h4 Bb3 24. Rde1 e4 25. Re3 Bc4 26. Bxc4 Qxc4 27. h5 Qf7 28. f3 exf3 29. Rexf3 Qf6 30. Qh6 Qg7 31. Qg5 Rde8 32. hxg6 hxg6 33. Rh3+ Kg8 34. Rh6 Re6 35. Rf3 Qf6 36. Qd2 Rd6 37. Qe1 Rfd8 38. Rxg6+ Qxg6 39. Rg3 Rd1 40. Rxg6+ Kf7 41. Re6 Rxe1+ 42. Rxe1 Rd2 43. b4 Kf6 44. Ra1 Rc2 45. Rxa7 Rxc3 46. Rb7 Rc6 47. Kf2 Ke5 48. Ke3 Rg6 49. Kf3 Kd5 50. Kf4 Kc6 51. Kxf5 Rxg2 52. Rb8 Rb2 53. Ke4 Rxb4+ 54. Kd3 Rh4 55. Kc3 Kc5 56. Rc8+ Kb5 57. Rb8 Rc4+ 58. Kb3 Rh4 59. Kc3 Rh6 60. Kb3 Rh3+ 61. Kb2 Kc5 62. Rc8+ Kb4 63. Rg8 Rh2+ 64. Kb1 b5 65. Rg4+ Kb3 66. Rg3+ Ka4 67. Rg4+ b4 68. Rg3 Rf2 69. Rh3 Rf4 70. Kb2 Rg4 71. Rf3 Rg2+ 72. Kb1 Rd2 73. Rh3 Kb5 74. Rg3 Re2 75. Rh3 Kc4 76. Rg3 b3 1/2-1/2

[Event "Polish Youth 1st League 2022"]
[Site "Lublin"]
[Date "2022.06.27"]
[Round "3.25"]
[White "Wieczorek, Mikolaj"]
[Black "Wojdak, Jan"]
[Result "1-0"]
[ECO "B12"]
[WhiteElo "1942"]
[BlackElo "2144"]
[Annotator "RC"]
[PlyCount "57"]
[EventDate "2022.06.24"]
[EventType "team-tourn"]
[EventCountry "POL"]
[SourceTitle "playchess.com"]
[Source "ChessBase"]
[SourceQuality "1"]
[TimeControl "40/5400+30:1800+30"]

1. e4 c6 2. d4 d5 3. e5 c5 4. dxc5 e6 5. Qg4 Nd7 6. Nf3 Ne7 7. Bb5 Nc6 8. Be3 Qc7 9. O-O Ndxe5 10. Nxe5 Qxe5 11. c4 dxc4 12. Nd2 c3 13. Nc4 Qf5 14. Qg3 e5 15. Nxe5 Bd7 16. Nxd7 Qxd7 17. Rad1 Qf5 18. Qc7 Qc8 19. Qg3 Qf5 20. Bf4 Be7 21. Qxg7 Qf6 22. Qg3 Qg6 23. Qxc3 Rg8 24. g3 Qf5 25. Bd6 Bxd6 26. Rxd6 Rc8 27. Rfd1 Rxg3+ 28. hxg3 Qxf2+ 29. Kxf2 1-0

[Event "Polish Youth 1st League 2022"]
[Site "Lublin"]
[Date "2022.06.27"]
[Round "3.26"]
[White "Jendrowiak, Maciej"]
[Black "Halhoul, Adam"]
[Result "0-1"]
[ECO "D30"]
[WhiteElo "1713"]
[BlackElo "1675"]
[Annotator "NA RC"]
[PlyCount "66"]
[EventDate "2022.06.24"]
[EventType "team-tourn"]
[EventCountry "POL"]
[SourceTitle "playchess.com"]
[Source "ChessBase"]
[SourceQuality "1"]
[TimeControl "40/5400+30:1800+30"]

1. d4 d5 2. c4 e6 3. Nf3 c6 4. g3 dxc4 5. a4 b5 6. Bg2 Bb7 7. O-O Nf6 8. Bg5 Be7 9. Nc3 a6 10. Ne5 Nd5 11. Bxe7 Qxe7 12. Bxd5 exd5 13. a5 O-O 14. Re1 c5 15. e4 dxe4 16. f3 Rd8 17. Nxe4 cxd4 18. Ng4 Bxe4 19. Rxe4 Qc5 20. Qd2 Nc6 21. Rae1 d3+ 22. Kg2 h5 23. Ne5 Nxe5 24. Rxe5 Qc6 25. Rxh5 Re8 26. g4 Rxe1 27. Qxe1 Qf6 28. Qe4 Rd8 29. g5 Qxb2+ 30. Kh3 g6 31. Rh6 d2 32. Rxg6+ fxg6 33. Qe6+ Kh8 0-1

[Event "Polish Youth 1st League 2022"]
[Site "Lublin"]
[Date "2022.06.27"]
[Round "3.27"]
[White "Nagly, Wojciech"]
[Black "Wierzbicki, Dawid"]
[Result "0-1"]
[ECO "A40"]
[WhiteElo "1464"]
[BlackElo "1556"]
[Annotator "NA RC"]
[PlyCount "106"]
[EventDate "2022.06.24"]
[EventType "team-tourn"]
[EventCountry "POL"]
[SourceTitle "playchess.com"]
[Source "ChessBase"]
[SourceQuality "1"]
[TimeControl "40/5400+30:1800+30"]

1. d4 b6 2. e4 Bb7 3. Nc3 d6 4. Nf3 Nf6 5. d5 g6 6. Bd3 Bg7 7. O-O O-O 8. h3 a6 9. Be3 c6 10. dxc6 Nxc6 11. Qe2 Nd7 12. Rfd1 Nce5 13. Nxe5 Nxe5 14. f4 Nd7 15. Qf2 Qc7 16. Nd5 Bxd5 17. exd5 Bxb2 18. Rab1 Ba3 19. Qh4 Bc5 20. Bxc5 Qxc5+ 21. Kh2 Nf6 22. f5 Kg7 23. g4 Qxd5 24. Re1 Ra7 25. Rbd1 Qd4 26. Kh1 Qf4 27. Rf1 Qe3 28. g5 Nh5 29. Rde1 Qg3 30. Qd4+ Kg8 31. fxg6 Qxh3+ 32. Kg1 Qg3+ 33. Kh1 hxg6 34. Bxg6 e5 35. Qxb6 Qh4+ 36. Kg1 Qxg5+ 37. Kh2 Qg3+ 38. Kh1 Nf4 39. Be4 f5 40. Qxa7 Qh3+ 41. Kg1 fxe4 42. Rf2 Qg3+ 43. Kf1 Qh4 44. Rxf4 exf4 45. Qd4 e3 46. Qd5+ Kg7 47. Ke2 f3+ 48. Kd1 e2+ 49. Kd2 Qf4+ 50. Kd3 Qf5+ 51. Qxf5 Rxf5 52. Ke3 f2 53. Rxe2 f1=Q 0-1